 Dungeon Crawl Stone Soup version 0.28-a0-779-g3d1f99b579 (console) character file.

Game seed: 9684195485889711518

10136 petzl the Covert (level 11, -2/75 HPs)
             Began as an Octopode Arcane Marksman on Nov 3, 2021.
             Was a Priest of Vehumet.
             Killed from afar by an ice statue (29 damage)
             ... with a shard of ice
             ... in an ice cave.
             The game lasted 01:46:01 (17554 turns).

petzl the Covert (Octopode Arcane Marksman)        Turns: 17554, Time: 01:46:02

Health: -2/75      AC:  3    Str: 10      XL:     11   Next: 57%
Magic:  0/21       EV: 14    Int: 17 (18) God:    Vehumet [***...]
Gold:   439        SH:  5    Dex: 13      Spells: 4/24 levels left

rFire   . . .      SeeInvis .   c - +0 flail (protect)
rCold   . . .      Faith    .   w - +0 buckler
rNeg    . . .      Spirit   +   (helmet restricted)
rPois   .          Reflect  .   u - amulet of guardian spirit
rElec   .          Harm     .   r - ring of willpower
rCorr   +          Rampage  .   y - ring of resist corrosion
Will    +....                   (no ring)
Stlth   +++++.....              (no ring)
HPRegen 0.22/turn               (no ring)
MPRegen 0.17/turn               (no ring)
                                (no ring)
                                (no ring)

@: very slightly contaminated, hasted, very quick
A: almost no armour, amphibious, 8 rings, camouflage 1, gelatinous body 1,
(nimble swimmer 1), tentacles, iridescent scales 1
a: Renounce Religion


You were in an ice cave.
You worshipped Vehumet.
Vehumet was most pleased with you.
You visited 1 branch of the dungeon, and saw 11 of its levels.
You also visited: Ice Cave.

You collected 439 gold pieces.

Inventory:

Hand Weapons
 a - a +2 hand crossbow
 b - a +2 short sword of draining
 c - a +0 flail of protection (weapon)
 d - a +2 dagger of venom {!f =f}
 p - a +1 falchion of freezing
 B - a +2 hand axe of venom {!f =f}
 G - a +5 flail
 I - a +2 vorpal quarterstaff
 K - a +0 trident
Missiles
 j - 81 poisoned darts (quivered)
 z - 24 bolts
Armour
 h - a +0 tower shield
 t - a +0 kite shield
 w - a +0 buckler (worn)
Jewellery
 r - a ring of willpower (left tentacle)
 u - an amulet of guardian spirit (around mantle)
 y - a ring of resist corrosion (right tentacle)
 J - a ring of fire
Wands
 q - a wand of acid (7)
 A - a wand of mindburst (15)
 H - a wand of iceblast (5)
Scrolls
 g - a scroll of vulnerability
 i - 3 scrolls of amnesia
 m - 2 scrolls of magic mapping
 n - 4 scrolls of immolation
 v - 3 scrolls of identify
 E - a scroll of enchant weapon
 F - 3 scrolls of teleportation
Potions
 f - 3 potions of curing
 l - 2 potions of mutation
 o - 2 potions of might {unknown}
 s - a potion of cancellation {unknown}
 x - a potion of flight {unknown}
 C - a potion of ambrosia {unknown}


   Skills:
 + Level 7.0 Fighting
 - Level 2.0 Short Blades
 - Level 4.0 Crossbows
 - Level 4.0 Dodging
 + Level 9.7 Stealth
 - Level 4.0 Shields
 * Level 7.0 Spellcasting
 * Level 7.1 Conjurations
 - Level 3.3 Hexes
 * Level 0.8 Summonings
 + Level 2.4 Fire Magic
 - Level 4.0 Ice Magic
 - Level 3.0 Air Magic
 - Level 3.0 Earth Magic
 + Level 3.0 Poison Magic
 - Level 3.0 Evocations


You had 4 spell levels left.
You knew the following spells:

 Your Spells              Type           Power      Damage    Failure   Level
a - Slow                  Hex            68%        N/A       3%          1
b - Magic Dart            Conj           100%       1d8       1%          1
c - Stone Arrow           Conj/Erth      46%        3d9       1%          3
d - Call Imp              Summ           8%         N/A       12%         2
f - Conjure Flame         Conj/Fire      22%        6-21      1%          3
m - Mephitic Cloud        Conj/Pois/Air  20%        N/A       1%          3
A - Ozocubu's Armour      Ice            19%        N/A       7%          3
T - Olgreb's Toxic Radia  Pois           16%        N/A       9%          4

Your spell library contained the following spells:

 Spells                   Type           Power      Damage    Failure   Level
 Frozen Ramparts          Ice            38%        1d5       1%          3
 Inner Flame              Hex/Fire       15%        N/A       3%          3
 Portal Projectile        Hex/Tloc       22%        N/A       17%         3
 Cause Fear               Hex            8%         N/A       28%         4
 Summon Ice Beast         Ice/Summ       14%        N/A       38%         4
 Ice Form                 Ice/Tmut       12%        N/A       45%         4
 Petrify                  Tmut/Erth      11%        N/A       52%         4
 Metabolic Englaciation   Hex/Ice        9%         N/A       56%         5
 Ozocubu's Refrigeration  Ice            9%         4d6       98%         7
 Statue Form              Tmut/Erth      7%         N/A       100%        6
 Lehudib's Crystal Spear  Conj/Erth      11%        10d4      100%        8
 Animate Armour           Summ/Erth      Unusable   N/A       N/A         4

Dungeon Overview and Level Annotations

Branches:
Dungeon (11/15)            Temple (0/1) D:5            Lair (0/6) D:11
    Orc (0/2) D:10          IceCv (1/1)

Altars:
Elyvilon
Gozag
Hepliaklqana
Ru
Vehumet
Yredelemnul

Annotations:
D:4 exclusions: downstairs and orc priest, Dowan, Duvessa
D:5 Prince Ribbit
D:6 3 runed translucent doors, ytrimaz's ghost, novice DsBe
D:8 exclusion: downstairs, Gastronok
D:10 exclusion: downstairs
D:11 Nergalle IceCv exclusion: 2 ice statues


Innate Abilities, Weirdness & Mutations

You cannot wear most types of armour.
You are amphibious.
You can wear up to eight rings at the same time.
Your skin changes colour to match your surroundings (Stealth+).
Your rubbery body absorbs attacks. (AC +1, EV +1)
((You are camouflaged near water. (Stealth+)))
You have tentacles for arms and can constrict up to eight enemies at once.
You are partially covered in iridescent scales. (AC +2)


Message History

Confirm with . or Enter, or press ? or * to list all spells.
You miscast Ozocubu's Armour.
You are very lightly contaminated with residual magic.
Nothing appears to happen.
The ice beast hits you. The ice beast freezes you! The ice beast hits you.
The ice beast freezes you!
* * * LOW HITPOINT WARNING * * *
Unknown command.
Okay, then.
Unknown command.
Casting: Ozocubu's Armour (dangerous; 7% risk of failure)
Confirm with . or Enter, or press ? or * to list all spells.
You don't have enough magic to cast this spell.
You feel better.
Casting: Ozocubu's Armour (dangerous; 7% risk of failure)
Confirm with . or Enter, or press ? or * to list all spells.
Okay, then.
Unknown command.
Unknown command.
Casting: Ozocubu's Armour (dangerous; 7% risk of failure)
Confirm with . or Enter, or press ? or * to list all spells.
Okay, then.
Aiming: Mindburst
Press: ? - help, Shift-Dir - straight line, f - ice beast
Aim: an ice beast (summoned, chance to affect: 77%)
The ice beast's mind is blasted!
The ice beast barely misses you. The ice beast closely misses you.
Aiming: Corrosive Bolt
Press: ? - help, Shift-Dir - straight line, f/p - ice beast
Aim: an ice beast (summoned, 74% to hit)
The bolt of acid misses the ice beast.
The bolt of acid hits the ice beast!
The acid corrodes the ice beast!
The ice beast is moderately wounded.
The ice beast misses you. The ice beast hits you. The ice beast freezes you!
* * * LOW HITPOINT WARNING * * *
Okay, then.
You feel better.
Your surroundings suddenly seem different.
The ice statue gestures at you. The shard of ice hits you!!
You die...

####### ###.....###
##.....Y.Y.#
##.@....Y.Y#### ####
#8........Y#4⌠# ##..##
##.........#4)+
##....######..........####
#.......##..............#
#..∩∩.............⌠.....+
#.......................#
##....##..##..........###
##..########....(....#4)+
#### #8.........#W⌠#
##.........####
##.........# ###.....###
#######


You could see an ice statue and 5 ice beasts.

Vanquished Creatures
  A two-headed ogre (D:9)
  Pikel (D:8)
  Joseph (D:9)
  A centaur zombie (D:10)
  Maggie (D:7)
  3 ice devils
  2 hornets
  Sigmund (D:6)
  A wraith (D:5)
  5 yaks (D:10)
  4 wyverns
  2 shadows
  Edmund (D:4)
  3 steam dragons
  3 water moccasins
  2 black bears
  2 ice beasts
  5 orc warriors
  A sky beast (D:5)
  3 ogres
  3 necrophages
  5 centaurs
  2 phantoms
  A lemure (D:8)
  A kobold brigand (D:7)
  4 bullfrogs
  A gnoll sergeant (D:7)
  2 two-headed ogre simulacra (IceCv)
  A scorpion (D:7)
  A water moccasin zombie (D:7)
  A water moccasin skeleton (D:3)
  7 wights
  7 howler monkeys
  2 orc priests
  A bullfrog zombie (D:7)
  2 hounds
  A jelly (D:5)
  3 gnoll shamans
  A centaur skeleton (D:7)
  3 iguanas (D:6)
  5 orc wizards
  A scorpion zombie (D:5)
  A hell rat (D:11)
  2 polar bear simulacra (IceCv)
  A wolf simulacrum (IceCv)
  A killer bee zombie (D:9)
  2 hound zombies
  2 howler monkey zombies (D:9)
  Robin (D:4)
  19 gnolls
  12 adders
  A shadow imp (D:7)
  A white imp (IceCv)
  2 ufetubi
  An adder skeleton (D:4)
  4 dart slugs
  29 orcs
  9 bats
  9 endoplasms
  3 giant cockroaches
  14 goblins
  11 hobgoblins
  10 jackals
  14 kobolds
  5 quokkas
  12 ball pythons
  7 frilled lizards
  5 rats
276 creatures vanquished.

Vanquished Creatures (others)
  8 fungi
  5 plants (D:2)
13 creatures vanquished.

Grand Total: 289 creatures vanquished

Notes
Turn   | Place    | Note
-------+----------+-------------------------------------------
     0 | D:1      | petzl the Octopode Arcane Marksman began the quest for the
                  | Orb.
     0 | D:1      | Reached XP level 1. HP: 13/13 MP: 2/2
   179 | D:1      | Reached XP level 2. HP: 7/18 MP: 3/3
   757 | D:1      | Reached skill level 1 in Stealth
  1135 | D:1      | Reached XP level 3. HP: 15/23 MP: 5/5
  2400 | D:2      | Reached XP level 4. HP: 29/29 MP: 2/6
  2812 | D:3      | Reached skill level 2 in Stealth
  2812 | D:3      | Reached XP level 5. HP: 20/34 MP: 5/8
  3318 | D:3      | Found a basalt altar of Yredelemnul.
  3376 | D:2      | Found a hazy altar of Hepliaklqana.
  3474 | D:2      | Found a faded altar of an unknown god.
  3480 | D:2      | Reached skill level 1 in Short Blades
  3518 | D:2      | Learned a level 3 spell: Mephitic Cloud
  4160 | D:3      | Found a white marble altar of Elyvilon.
  4610 | D:4      | Noticed a necrophage
  4632 | D:4      | Found a radiant altar of Vehumet.
  4636 | D:4      | Noticed Robin
  4639 | D:4      | Reached XP level 6. HP: 36/39 MP: 9/9
  4874 | D:3      | Reached skill level 1 in Shields
  4874 | D:3      | Reached skill level 1 in Conjurations
  5010 | D:4      | Reached skill level 1 in Poison Magic
  5274 | D:5      | Entered Level 5 of the Dungeon
  5274 | D:5      | Noticed Prince Ribbit
  5278 | D:4      | Noticed Duvessa
  5278 | D:4      | Noticed Dowan
  5310 | D:4      | Noticed a wyvern
  5323 | D:3      | Gained mutation: You are partially covered in iridescent
                  | scales. (AC +2) [potion of mutation]
  5415 | D:4      | Became a worshipper of Vehumet
  5428 | D:4      | Found a sacrificial altar of Ru.
  5997 | D:4      | Killed a necrophage
  5998 | D:4      | Reached skill level 3 in Stealth
  6102 | D:4      | Killed Robin
  6103 | D:4      | Reached XP level 7. HP: 40/45 MP: 9/11
  6131 | D:4      | Noticed Edmund
  6155 | D:4      | Killed Edmund
  6156 | D:4      | Reached skill level 1 in Air Magic
  6196 | D:5      | Found a staircase to the Ecumenical Temple.
  6244 | D:5      | Learned a level 1 spell: Magic Dart
  6594 | D:5      | Reached XP level 8. HP: 12/51 MP: 11/13
  7022 | D:5      | Reached * piety under Vehumet
  7022 | D:5      | Offered knowledge of Sandblast by Vehumet.
  7122 | D:6      | Found a runed translucent gate.
  7122 | D:6      | Found a runed translucent gate.
  7122 | D:6      | Found a runed translucent gate.
  7124 | D:6      | Found an opulent altar of Gozag.
  7124 | D:6      | Noticed a gargoyle
  7130 | D:6      | Noticed ytrimaz's ghost (novice DsBe)
  7162 | D:5      | Noticed a wyvern
  7163 | D:5      | Noticed a wraith
  7168 | D:5      | Killed a wyvern
  7169 | D:5      | Reached skill level 4 in Stealth
  7169 | D:5      | Reached skill level 1 in Evocations
  7177 | D:5      | Killed a wraith
  7481 | D:4      | Killed a wyvern
  7694 | D:5      | Reached XP level 9. HP: 57/57 MP: 15/15
  7850 | D:5      | Learned a level 3 spell: Ozocubu's Armour
  8199 | D:5      | Reached skill level 5 in Stealth
  8755 | D:6      | Reached skill level 1 in Ice Magic
  9061 | D:6      | Noticed Sigmund
  9402 | D:6      | Offered knowledge of Foxfire by Vehumet.
  9681 | D:6      | Reached ** piety under Vehumet
  9690 | D:6      | Killed Sigmund
 10143 | D:6      | Learned a level 3 spell: Stone Arrow
 10884 | D:7      | Reached skill level 6 in Stealth
 10926 | D:7      | Reached skill level 5 in Spellcasting
 10995 | D:7      | Reached skill level 1 in Earth Magic
 11130 | D:7      | Reached XP level 10. HP: 65/65 MP: 14/17
 11364 | D:7      | Reached skill level 5 in Conjurations
 11784 | D:7      | Noticed Maggie
 11785 | D:7      | Identified the +1 leather armour of Conscience {Harm Int-5
                  | Slay+5 SInv}
 12178 | D:7      | Reached skill level 5 in Fighting
 12187 | D:7      | Offered knowledge of Conjure Flame by Vehumet.
 12192 | D:7      | Learned a level 3 spell: Conjure Flame
 12457 | D:7      | Killed Maggie
 12458 | D:7      | Reached skill level 7 in Stealth
 13278 | D:8      | Noticed Pikel
 13293 | D:8      | Killed Pikel
 13306 | D:8      | Noticed Gastronok
 13464 | D:8      | Reached *** piety under Vehumet
 13468 | D:8      | Paralysed by a hornet for 2 turns
 14146 | D:8      | Reached skill level 8 in Stealth
 14814 | D:10     | Entered Level 10 of the Dungeon
 14917 | D:10     | Reached XP level 11. HP: 72/72 MP: 4/20
 15362 | D:9      | Reached skill level 9 in Stealth
 15416 | D:9      | Noticed Joseph
 15432 | D:9      | Killed Joseph
 15515 | D:9      | Reached skill level 1 in Fire Magic
 16003 | D:9      | Noticed a two-headed ogre
 16014 | D:9      | Offered knowledge of Olgreb's Toxic Radiance by Vehumet.
 16025 | D:9      | Killed a two-headed ogre
 16689 | D:10     | Found a staircase to the Orcish Mines.
 16732 | D:11     | Noticed Nergalle
 16736 | D:11     | Noticed a death yak
 17046 | D:11     | Found a frozen archway.
 17176 | D:11     | Learned a level 2 spell: Call Imp
 17179 | IceCv    | Entered an ice cave
 17207 | IceCv    | Learned a level 4 spell: Olgreb's Toxic Radiance
 17554 | IceCv    | Killed from afar by an ice statue

Illustrated notes

Levels and vault maps discovered:
D:1:      sevenhm_arrival_forest_fort_small_4, layout_basic, minmay_unequal
D:2:      layout_basic, shapermc_ecumenical_altar_mp_ritualfount, basic_altar
D:3:      layout_basic, elyvilon_altar_1, mainiacjoe_overflow_small_starburst,
          minmay_shallow_snake_nest
D:4:      layout_rooms, mainiacjoe_overflow_large_starburst, serial_glass,
          glass_columns_b, glass_columns_a, amethyst_killhole, st_stairs_2,
          uniq_edmund, uniq_robin, uniq_duvessa
D:5:      layout_basic, minmay_temple_entry_drinking_statues,
          uniq_prince_ribbit1
D:6:      layout_loops_ring, ebering_ghost_gozag, uniq_sigmund
D:7:      layout_loops_corners, uniq_maggie
D:8:      layout_layer_cave, nicolae_looking_at_the_future, uniq_pikel,
          uniq_gastronok
D:9:      layout_basic, minmay_increasing_density, uniq_joseph
D:10:     layout_small_grid, orc_0_dummy
D:11:     layout_irregular_city, dpeg_lair_monsters,
          portal_ice_cave_demonic_guard, gammafunk_ghost_hive, uniq_nergalle,
          uniq_erolcha
IceCv:    ice_cave_tombish

Skill      XL: |  1  2  3  4  5  6  7  8  9 10 11 |
---------------+----------------------------------+-----
Stealth        | 1 2 3 4 6 8 9 |  9.7
Fighting       | 2 3 4 6 7 |  7.0
Spellcasting   | 2 3 4 5 6 7 |  7.0
Short Blades   | 1 2 |  2.0
Shields        | 1 2 4 |  4.0
Conjurations   | 1 2 3 4 6 7 |  7.1
Poison Magic   | 1 2 3 |  3.0
Crossbows      | 3 4 |  4.0
Dodging        | 3 4 |  4.0
Air Magic      | 1 2 3 |  3.0
Evocations     | 1 3 |  3.0
Ice Magic      | 2 4 |  4.0
Earth Magic    | 1 3 |  3.0
Fire Magic     | 2 |  2.4
Hexes          | |  3.3
Summonings     | |  0.8

Action                   |  1- 3 |  4- 6 |  7- 9 | 10-12 || total
-------------------------+-------+-------+-------+-------++-------
Melee: Short sword       |    59 |   143 |    48 |       ||   250
       Constrict         |    16 |    37 |    30 |    41 ||   124
       Tentacles         |    10 |    19 |    34 |    41 ||   104
       Flail             |       |       |   159 |   101 ||   260
       Dagger            |       |       |     8 |    71 ||    79
 Fire: Hand crossbow     |    38 |    36 |    39 |    43 ||   156
Throw: Dart              |       |     1 |    67 |    29 ||    97
       Throwing net      |       |       |     1 |       ||     1
 Cast: Slow              |    10 |    22 |    61 |    38 ||   131
       Mephitic Cloud    |       |       |    13 |    41 ||    54
       Magic Dart        |       |       |     4 |    50 ||    54
       Ozocubu's Armour  |       |       |     2 |     3 ||     5
       Stone Arrow       |       |       |       |    45 ||    45
       Conjure Flame     |       |       |       |    22 ||    22
       Call Imp          |       |       |       |     1 ||     1
Evoke: Wand              |       |       |    17 |     4 ||    21
  Use: Scroll            |       |     5 |     5 |     3 ||    13
       Potion            |       |     2 |     2 |     8 ||    12
 Stab: Sleeping          |     1 |     6 |     1 |     8 ||    16
       Confused          |       |       |     3 |    11 ||    14
       Distracted        |       |       |     2 |       ||     2
Armor: Skin              |    11 |    16 |    66 |    40 ||   133
Dodge: Dodged            |    50 |   110 |   149 |   134 ||   443
Block: Buckler           |       |       |     7 |    44 ||    51

Table legend: (Time is in decaauts)
 A = Elapsed time spent in this place.
 B = Non-inter-level travel time spent in this place.
 C = Inter-level travel time spent in this place.
 D = Time resting spent in this place.
 E = Time spent auto-exploring this place.
 F = Levels seen in this place.
 G = Mean time per level.
                   A        B        C        D        E       F      G
               +--------+--------+--------+--------+--------+-----+--------+
         Total |  17706 |  16639 |   1067 |   6673 |   3071 |  12 | 1475.5 |
       Dungeon |  17327 |  16260 |   1067 |   6499 |   3071 |  11 | 1575.2 |
      Ice Cave |    378 |    378 |      0 |    174 |      0 |   1 |  378.0 |
               +--------+--------+--------+--------+--------+-----+--------+

Top non-repeatable levels by time:
     D:3: 2416 daAuts
     D:5: 2334 daAuts
     D:7: 2084 daAuts
     D:6: 2041 daAuts
     D:8: 1908 daAuts
     D:1: 1828 daAuts
     D:9: 1532 daAuts
     D:2: 1260 daAuts
     D:4: 829 daAuts
    D:10: 800 daAuts
   IceCv: 378 daAuts
    D:11: 290 daAuts
